 Dungeon Crawl Stone Soup version 0.23.2-1-ga50397a6bc (webtiles) character file.

Game seed: 1255070994047629269

15120 Morbidden the Grappler (level 11, 0/104 HPs)
             Began as a Troll Wizard on May 5, 2019.
             Was a Priest of Cheibriados.
             Killed from afar by an ice statue (17 damage)
             ... with a freezing blast
             ... in a Gauntlet.
             The game lasted 00:37:41 (12007 turns).

Morbidden the Grappler (Troll Wizard)              Turns: 12007, Time: 00:37:42

Health: 0/104      AC: 10    Str: 27    XL:     11   Next: 97%
Magic:  23/26      EV: 13    Int: 31    God:    Cheibriados [***...]
Gold:   446        SH:  0    Dex: 18    Spells: 15/18 levels left

rFire    . . .     SeeInvis +     - Unarmed
rCold    . . .     Gourm    +   (no shield)
rNeg     . . .     Faith    .   k - +1 animal skin
rPois    .         Spirit   .   q - +3 hat of Pondering {ponderous, MR+ MP+10 Int+5}
rElec    .         Reflect  .   (no cloak)
rCorr    .         Harm     .   (gloves unavailable)
MR       +....     NoTele   +   (boots unavailable)
Stlth    ++........             (no amulet)
HPRegen  0.67/turn              p - ring of see invisible
MPRegen  0.20/turn              a - ring "Osent" {*Slow +Fly Int+3 Dex+2}

@: very slow
A: large, unfitting armour, claws 3, fast metabolism 3, gourmand, regeneration
1, shaggy fur 1, tough skin 3
a: Bend Time, Temporal Distortion, Renounce Religion, Evoke Flight


You were in a Gauntlet.
You worshipped Cheibriados.
Cheibriados was most pleased with you.
You were not hungry.

You visited 4 branches of the dungeon, and saw 14 of its levels.
You also visited: Ossuary and Gauntlet.

You collected 446 gold pieces.

Inventory:

Armour
 k - a +1 animal skin (worn)
 q - the +3 hat of Pondering (worn) {ponderous, MR+ MP+10 Int+5}
   (You took it off Gastronok on level 10 of the Dungeon)

   It affects your intelligence (+5).
   It affects your resistance to hostile enchantments.
   It affects your magic capacity (+10).
Jewellery
 a - the ring "Osent" (right claw) {*Slow +Fly Int+3 Dex+2}
   (You found it in a Gauntlet)

   [ring of dexterity]

   It affects your intelligence (+3).
   It affects your dexterity (+2).
   It lets you fly.
   It may slow you when you take damage.
 p - a ring of see invisible (left claw)
 z - an uncursed ring of flight
Wands
 b - a wand of digging (5)
 j - a wand of polymorph (24)
 B - a wand of flame (30)
Scrolls
 c - a scroll of brand weapon
 f - 5 scrolls of teleportation
 l - a scroll of immolation
 m - 5 scrolls of enchant weapon
 o - 6 scrolls of identify
 t - 3 scrolls of amnesia
 u - a scroll of fog
 v - 3 scrolls of remove curse
 y - 3 scrolls of enchant armour
Potions
 e - 3 potions of curing
 n - a potion of agility
 r - 2 potions of flight
 x - a potion of mutation
 A - 4 potions of brilliance
Comestibles
 d - 12 rations


   Skills:
 * Level 5.4 Fighting
 + Level 5.7 Dodging
 - Level 1.3 Stealth
 * Level 13.5 Unarmed Combat
 + Level 4.1 Spellcasting
 + Level 3.6 Conjurations
 + Level 0.6 Summonings
   Level 0.6 Translocations
 * Level 5.7 Invocations
 + Level 0.6 Evocations


You had 15 spell levels left.
You knew the following spells:

 Your Spells              Type           Power        Failure   Level  Hunger
a - Magic Dart            Conj           ####         1%          1    None
b - Call Imp              Summ           ##......     7%          2    None

Your spell library contained the following spells:

 Spells                   Type           Power        Failure   Level  Hunger
 Blink                    Tloc           N/A          7%          2    None
 Slow                     Hex            #.......     9%          2    None
 Conjure Flame            Conj/Fire      ###.....     9%          3    ##.....
 Mephitic Cloud           Conj/Pois/Air  ##......     11%         3    ##.....


Dungeon Overview and Level Annotations

Branches:
Dungeon (11/15)            Temple (1/1) D:6            Lair (1/6) D:8
    Orc (1/2) D:9

Altars:
Ashenzari
Cheibriados
Dithmenos
Elyvilon
Fedhas
Gozag
Hepliaklqana
Kikubaaqudgha
Makhleb
Nemelex Xobeh
Okawaru
Qazlal
Ru
Sif Muna
Trog
Uskayaw
Vehumet
Wu Jian
Xom
Yredelemnul
Zin
The Shining One

Annotations:
D:8 3 runed translucent doors, Harold; MajorAdolf's ghost, novice NaWn Gauntlet 13 transporters, 2 runed translucent doors, exclusion: ice statue


Innate Abilities, Weirdness & Mutations

You are too large for most types of armour.
You have claws for hands.
Your metabolism is lightning-fast.
You like to eat raw meat.
Your natural rate of healing is unusually fast.
You are covered in fur. (AC +1)
You have extremely tough skin. (AC +3)


Message History

The ice statue gestures at you. The shard of ice hits you!!!
* * * LOW HITPOINT WARNING * * *
The ice beast closely misses you.
Unknown command.
You scratch the ice statue but do no damage.
You claw the ice statue!
The ice statue is heavily damaged.
The ice beast hits you but does no damage. x2
The ice beast closely misses you.
You mangle the ice statue!! You claw the ice statue.
The ice statue is severely damaged.
The ice beast closely misses you.
The ice beast hits you but does no damage.
Unknown command.
You scratch the ice statue.
The ice statue is almost destroyed.
The ice statue gestures at you. The freezing blast engulfs you!
You die...

#≈..♣.#©##.#©#.©#©#..
####...P.#.#..#....#.###
#≈≈..♣...#.#.###.#.#.###
#≈..P.PP.#.#Q...QQQ#.###
####..♣..P♣.#.#########.#..
#≈≈.........#.#.......#©#..
#≈..#########.#..P♣...###..
##...#......8#.#..P.PP...###
##≈.∩.#..#.Y@Y#.#.#≈#≈#...###
##≈≈...#.###Y..#.#.≈≈≈≈≈PP.###
#≈≈≈♣.©#..#©#.©#©#.#≈#≈#.♣....
##≈≈..!#...###.#.#.≈≈≈≈≈PP.###
##≈.∩.#÷.÷.#§.#.#.#≈#≈#...#..
##...#.......#.#.P.P.....#.#
#≈..#########.#..P♣P..###.#
#≈≈.........#.#.......#©#.#
####..♣P.P♣.#.#########.#.#


You could see an ice statue, a tengu warrior and 3 ice beasts.

Vanquished Creatures
  Gastronok (D:10)
  3 two-headed ogres
  A satyr (Lair:1)
  An orc high priest (D:9)
  An orc sorcerer (Orc:1)
  Pikel (D:8)
  Joseph (D:8)
  A spiny frog (Lair:1)
  A rime drake (Gauntlet)
  A troll (D:9)
  Prince Ribbit (D:5)
  4 hippogriffs
  6 yaks
  Sigmund (D:5)
  A human (D:8)
  A wraith (Ossuary)
  4 hogs (D:8)
  A steam dragon (D:8)
  2 water moccasins
  A porcupine (Lair:1)
  A hornet zombie (D:7)
  2 ice beasts
  2 black bears
  An eye of draining (D:10)
  2 sky beasts
  A phantom (D:10)
  5 orc warriors
  A slave (D:8)
  A necrophage (D:4)
  4 centaurs
  8 ogres
  3 crocodiles (Lair:1)
  9 bullfrogs
  A big kobold (D:10)
  3 scorpions
  5 killer bees
  6 wights (D:4)
  A howler monkey (D:9)
  2 crimson imps
  A human zombie (Ossuary)
  2 jellies
  7 orc wizards
  6 orc priests
  3 hounds
  An iguana (D:9)
  A bullfrog skeleton (D:7)
  A gnoll shaman (D:8)
  Jessica (D:2)
  8 worker ants
  3 mummies (Ossuary)
  A worker ant zombie (D:6)
  Robin (D:2)
  12 gnolls
  9 adders
  A shadow imp (D:10)
  An ooze (D:3)
  2 adder skeletons
  4 worms
  5 dart slugs
  3 leopard geckos
  48 orcs
  4 ball pythons
  9 bats
  6 giant cockroaches
  21 goblins
  6 hobgoblins
  13 jackals
  3 quokkas
  5 frilled lizards
  5 goblin zombies (Ossuary)
  2 hobgoblin zombies (Ossuary)
  A jackal skeleton (D:4)
  13 kobolds
  A quokka zombie (D:6)
  9 rats
  A plant (D:3)
312 creatures vanquished.

Vanquished Creatures (others)
  A rime drake (Gauntlet)
  A hungry ghost (D:8)
  A slave (D:8)
  A centaur (D:8)
  A bullfrog zombie (D:8)
  A hound (D:8)
  2 gnolls (D:8)
  A leopard gecko (D:8)
  3 orcs (D:8)
  A demonic plant (Gauntlet)
13 creatures vanquished.

Grand Total: 325 creatures vanquished

Notes
Turn   | Place    | Note
-------+----------+-------------------------------------------
     0 | D:1      | Morbidden the Troll Wizard began the quest for the Orb.
     0 | D:1      | Reached XP level 1. HP: 16/16 MP: 2/2
   134 | D:1      | Reached XP level 2. HP: 24/24 MP: 4/4
   274 | D:1      | Reached XP level 3. HP: 30/32 MP: 5/5
   352 | D:1      | Reached skill level 1 in Conjurations
   422 | D:1      | Reached skill level 1 in Unarmed Combat
  1006 | D:2      | Noticed Robin
  1016 | D:2      | Killed Robin
  1016 | D:2      | Reached XP level 4. HP: 40/40 MP: 6/6
  1188 | D:2      | Reached skill level 2 in Unarmed Combat
  1212 | D:2      | Noticed Jessica
  1228 | D:2      | Killed Jessica
  1228 | D:2      | Reached skill level 1 in Fighting
  1408 | D:2      | Reached XP level 5. HP: 48/48 MP: 7/7
  1643 | D:3      | Found a hazy altar of Hepliaklqana.
  1968 | D:3      | Reached skill level 3 in Unarmed Combat
  2328 | D:4      | Reached XP level 6. HP: 43/55 MP: 9/9
  2438 | D:4      | Found a sand-covered staircase.
  2459 | D:4      | Reached skill level 4 in Unarmed Combat
  2470 | Ossuary  | Entered an ossuary
  2470 | Ossuary  | Noticed a wraith
  2470 | Ossuary  | Noticed a wraith
  2470 | Ossuary  | Noticed a wraith
  2731 | Ossuary  | Noticed a wraith
  2747 | Ossuary  | Killed a wraith
  2747 | Ossuary  | Reached XP level 7. HP: 19/63 MP: 10/10
  3003 | D:4      | Reached skill level 5 in Unarmed Combat
  3419 | D:4      | Reached skill level 6 in Unarmed Combat
  3541 | D:4      | Reached XP level 8. HP: 69/72 MP: 11/11
  3557 | D:5      | Entered Level 5 of the Dungeon
  3610 | D:5      | Noticed Prince Ribbit
  3632 | D:5      | Killed Prince Ribbit
  3702 | D:5      | Found an opulent altar of Gozag.
  3954 | D:5      | Noticed Sigmund
  3985 | D:5      | Killed Sigmund
  3985 | D:5      | Reached skill level 7 in Unarmed Combat
  4740 | D:6      | Found a staircase to the Ecumenical Temple.
  4760 | Temple   | Entered the Ecumenical Temple
  4964 | Temple   | Became a worshipper of Cheibriados the Contemplative
  5003 | D:6      | Found an iron altar of Okawaru.
  5089 | D:6      | Found a stormy altar of Qazlal.
  5089 | D:6      | Found a basalt altar of Yredelemnul.
  5394 | D:6      | Reached skill level 1 in Invocations
  5481 | D:6      | Found a shattered altar of Ashenzari.
  5560 | D:6      | Reached skill level 8 in Unarmed Combat
  5771 | D:7      | Noticed a hippogriff
  5782 | D:7      | Killed a hippogriff
  5782 | D:7      | Reached XP level 9. HP: 45/81 MP: 13/13
  5871 | D:7      | Reached * piety under Cheibriados
  6258 | D:7      | Reached skill level 9 in Unarmed Combat
  6616 | D:7      | Identified a scroll of acquirement
  6621 | D:7      | Got a twisted hat
  6633 | D:7      | Identified the +0 hat of the Stars {Dex+4} (You acquired it
                  | on level 7 of the Dungeon)
  6672 | D:7      | Reached ** piety under Cheibriados
  6783 | D:7      | Reached skill level 10 in Unarmed Combat
  7040 | D:8      | Noticed Pikel
  7060 | D:8      | Killed Pikel
  7060 | D:8      | Reached XP level 10. HP: 57/92 MP: 14/14
  7214 | D:8      | Noticed Joseph
  7228 | D:8      | Killed Joseph
  7332 | D:8      | Found an ancient bone altar of Kikubaaqudgha.
  7394 | D:8      | Found a runed translucent gate.
  7394 | D:8      | Found a runed translucent gate.
  7394 | D:8      | Found a runed translucent gate.
  7394 | D:8      | Noticed MajorAdolf's ghost (novice NaWn)
  7527 | D:8      | Reached skill level 11 in Unarmed Combat
  7546 | D:8      | HP: 3/92 [hog (9)]
  7822 | D:8      | Noticed Harold
  7992 | D:8      | Found a staircase to the Lair.
  7994 | D:8      | Found a sacrificial altar of Ru.
  8297 | D:9      | Noticed a two-headed ogre
  8333 | D:9      | Killed a two-headed ogre
  8477 | D:9      | Noticed a two-headed ogre
  8487 | D:9      | Killed a two-headed ogre
  8487 | D:9      | Reached skill level 5 in Dodging
  8619 | D:9      | Reached *** piety under Cheibriados
  9143 | D:9      | Reached XP level 11. HP: 42/101 MP: 15/15
  9149 | D:9      | Found a staircase to the Orcish Mines.
  9152 | D:9      | Reached **** piety under Cheibriados
  9288 | D:10     | Entered Level 10 of the Dungeon
  9363 | D:10     | Reached skill level 12 in Unarmed Combat
  9429 | D:10     | Noticed Gastronok
  9958 | D:10     | Killed Gastronok
  9958 | D:10     | Reached skill level 5 in Fighting
 10205 | D:11     | Reached ***** piety under Cheibriados
 10231 | D:11     | Noticed a red ugly thing
 10234 | D:11     | Reached skill level 5 in Invocations
 10245 | D:11     | HP: 1/102 [red ugly thing (10)]
 10450 | Orc:1    | Entered Level 1 of the Orcish Mines
 10450 | Orc:1    | Noticed an orc high priest
 10535 | D:9      | Killed an orc high priest
 10535 | D:9      | Reached skill level 13 in Unarmed Combat
 10715 | Orc:1    | Noticed a two-headed ogre
 10720 | Orc:1    | Noticed an orc sorcerer
 10725 | Orc:1    | Killed a two-headed ogre
 10734 | Orc:1    | Killed an orc sorcerer
 10812 | Lair:1   | Entered Level 1 of the Lair of Beasts
 10848 | Lair:1   | Noticed a four-headed hydra
 10852 | Lair:1   | Noticed a satyr
 10852 | Lair:1   | a four-headed hydra changed into a satyr
 10864 | Lair:1   | Killed a satyr
 10991 | Lair:1   | Found a gate leading to a gauntlet.
 11014 | Gauntlet | Entered a Gauntlet
 11014 | Gauntlet | Found a transporter.
 11273 | Gauntlet | Found a transporter.
 11275 | Gauntlet | Found a transporter.
 11282 | Gauntlet | Noticed a tengu warrior
 11284 | Gauntlet | Found a transporter.
 11286 | Gauntlet | Found a transporter.
 11294 | Gauntlet | Noticed a catoblepas
 11297 | Gauntlet | Found a transporter.
 11310 | Gauntlet | Noticed a death drake
 11311 | Gauntlet | Found a runed translucent door.
 11349 | Gauntlet | Found a transporter.
 11350 | Gauntlet | Found a runed translucent door.
 11358 | Gauntlet | Identified the cursed +1 trident of Demonkind {venom,
                  | *Drain rC- Str+10 Dex+6}
 11358 | Gauntlet | Noticed a minotaur
 11359 | Gauntlet | Found a transporter.
 11369 | Gauntlet | Found a transporter.
 11377 | Gauntlet | Noticed a wizard
 11378 | Gauntlet | Noticed a wizard
 11383 | Gauntlet | Found a transporter.
 11395 | Gauntlet | Found a transporter.
 11396 | Gauntlet | Found a transporter.
 11401 | Gauntlet | Noticed a soul eater
 11451 | Gauntlet | Found a transporter.
 11465 | Gauntlet | Found a transporter.
 11842 | Gauntlet | Got a vibrating silver ring
 11846 | Gauntlet | Identified the ring "Osent" {*Slow +Fly Int+3 Dex+2} (You
                  | found it in a Gauntlet)
 11934 | Gauntlet | Learned a level 2 spell: Call Imp
 12007 | Gauntlet | Killed from afar by an ice statue

Skill      XL: |  1  2  3  4  5  6  7  8  9 10 11 |
---------------+----------------------------------+-----
Conjurations   | 1 2 3 |  3.6
Unarmed Combat | 1 2 3 4 6 8 10 11 13 | 13.5
Dodging        | 2 3 4 5 |  5.7
Fighting       | 1 2 3 4 5 |  5.4
Spellcasting   | 3 4 |  4.1
Invocations    | 1 3 4 5 |  5.7
Stealth        | |  1.3
Summonings     | |  0.6
Translocations | |  0.6
Evocations     | |  0.6

Action                   |  1- 3 |  4- 6 |  7- 9 | 10-12 || total
-------------------------+-------+-------+-------+-------++-------
Melee: Unarmed           |   129 |   305 |   311 |   332 ||  1077
       Punch             |       |     3 |    13 |    22 ||    38
 Cast: Magic Dart        |     1 |       |     4 |    79 ||    84
       Call Imp          |       |       |       |     4 ||     4
Invok: Slouch            |       |       |       |     3 ||     3
       Step From Time    |       |       |       |     1 ||     1
Evoke: Wand              |       |       |    10 |     3 ||    13
  Use: Scroll            |       |     3 |    17 |     7 ||    27
       Potion            |       |     1 |    12 |    14 ||    27
 Stab: Sleeping          |       |       |     2 |     3 ||     5
       Fleeing           |       |       |       |     1 ||     1
  Eat: Chunk             |     5 |    17 |    22 |    22 ||    66
       Ration            |       |       |     7 |       ||     7
Armor: Robe              |    78 |    22 |       |       ||   100
       Animal skin       |       |    80 |    93 |    72 ||   245
       Skin              |       |       |    51 |       ||    51
Dodge: Dodged            |    85 |   167 |   195 |   248 ||   695
